 Dungeon Crawl Stone Soup version 0.21.1-1-g345015fe64 (webtiles) character file.

42 KleinerIrrer the Insei (level 3, 0/23 HPs)
             Began as an Octopode Transmuter on Apr 17, 2018.
             Slain by an adder (1 damage)
             ... on level 2 of the Dungeon.
             The game lasted 00:01:39 (1267 turns).

KleinerIrrer the Insei (Octopode Transmuter)        Turns: 1267, Time: 00:01:40

Health: 0/23       AC:  1    Str: 10    XL:     3   Next: 56%
Magic:  6/6        EV: 13    Int: 15    God:
Gold:   44         SH:  0    Dex: 12    Spells: 5/6 levels left

rFire    . . .     SeeInvis .     - Unarmed
rCold    . . .     Gourm    .   (no shield)
rNeg     . . .     Faith    .   (helmet restricted)
rPois    .         Spirit   .   (no amulet)
rElec    .         Reflect  .   (no ring)
rCorr    .         Harm     .   (no ring)
MR       .....                  (no ring)
Stlth    ++........             (no ring)
HPRegen  0.07/turn              (no ring)
MPRegen  0.10/turn              (no ring)
                                (no ring)
                                (no ring)

@: lethally poisoned (0 -> -12)
A: almost no armour, stealthy swim, amphibious, 8 rings, constrict 8, camouflage
1, gelatinous body 1
a: no special abilities


You were on level 2 of the Dungeon.
You were not hungry.

You visited 1 branch of the dungeon, and saw 2 of its levels.

You collected 44 gold pieces.

Inventory:

Missiles
 a - 32 arrows
Scrolls
 g - 3 scrolls of identify {unknown}
 h - a scroll of fog {unknown}
 i - a scroll of remove curse {unknown}
Potions
 e - a potion of mutation {unknown}
 f - a potion of haste {unknown}
 j - a potion of flight {unknown}
Books
 b - a book of Changes

   Spells                             Type                      Level
   a - Beastly Appendage              Transmutation                1
   b - Sticks to Snakes               Transmutation                2
   c - Spider Form                    Transmutation/Poison         3
   d - Ice Form                       Ice/Transmutation            4
   e - Blade Hands                    Transmutation                5
Comestibles
 c - a ration


   Skills:
 + Level 1.2 Fighting
 + Level 2.3 Dodging
 + Level 3.7 Unarmed Combat
 - Level 2.3 Spellcasting
 - Level 2.2 Transmutations


You had 5 spell levels left.
You knew the following spells:

 Your Spells              Type           Power        Failure   Level  Hunger
a - Beastly Appendage     Tmut           #.....       9%          1    #......


Dungeon Overview and Level Annotations

Branches:
Dungeon (2/15)

Altars:
Ashenzari


Innate Abilities, Weirdness & Mutations

You cannot wear most types of armour.
You are very stealthy in the water. (Stealth+)
You are amphibious.
You can wear up to eight rings at the same time.
You can use your tentacles to constrict eight enemies at once.
Your skin changes colour to match your surroundings (Stealth+).
Your rubbery body absorbs attacks. (AC +1, EV +1)


Message History

You feel sick.
* * * LOW HITPOINT WARNING * * *
You feel sick. The adder bites you.
* * * LOW HITPOINT WARNING * * *
You are more poisoned.
The adder poisons you!
You see here an adder corpse.
You barely miss the adder. Your grab misses the adder. You squeeze the adder.
The adder is lightly wounded.
* * * LOW HITPOINT WARNING * * *
You feel sick. The adder closely misses you. x2
You closely miss the adder. Your grab misses the adder.
The adder is lightly wounded.
* * * LOW HITPOINT WARNING * * *
You feel sick. The adder barely misses you.
You closely miss the adder. Your grab misses the adder.
The adder is lightly wounded.
* * * LOW HITPOINT WARNING * * *
You feel sick. The adder bites you.
You die...

###############
......S@......####
###########......#
.............#
.............# #####
.............# #....
.............# #....
.......##.#### #....
.......##.######....
..............>.....


You could see an adder.

Vanquished Creatures
  An adder (D:2)
  A worm (D:2)
  A dart slug (D:1)
  A leopard gecko (D:1)
  2 bats (D:1)
  3 giant cockroaches
  2 hobgoblins (D:1)
  A frilled lizard (D:1)
  4 goblins (D:1)
  5 kobolds (D:1)
  7 rats (D:1)
28 creatures vanquished.

Notes
Turn   | Place    | Note
-------+----------+-------------------------------------------
     0 | D:1      | KleinerIrrer the Octopode Transmuter began the quest for the Orb.
     0 | D:1      | Reached XP level 1. HP: 13/13 MP: 3/3
   196 | D:1      | Reached XP level 2. HP: 9/18 MP: 5/5
   614 | D:1      | Found a shattered altar of Ashenzari.
   710 | D:1      | Reached XP level 3. HP: 23/23 MP: 6/6
  1267 | D:2      | HP: 1/23 [poisoned by an adder]
  1267 | D:2      | Slain by an adder

Action                   || total
-------------------------++-------
Melee: Unarmed           ||    63
       Constrict         ||    17
       Tentacles         ||     7
       Punch             ||     1
 Stab: Sleeping          ||     5
  Eat: Chunk             ||     1
Armor: Skin              ||     1
Dodge: Dodged            ||    23
